AoeStats
← Richardodjr

Coastal Forest

510780277Analyzed
4v4 RM · 1d ago on Oct 2, 2026· 46m 52s· 8 players
Game mode
Random Map
Map size
Large (8 player)
Population
200
Speed
Normal
Resources
Standard
Victory
Conquest
Starting age
Dark Age
Ending age
Imperial Age
RankedLock teamsTeams togetherTeam positionsShared explorationLock speedFull tech treeHidden civsTurbo modeCheats
Victory
Defeat
🇨🇳 Koreans · China
1145
+15
🇸🇰 Varangians · Slovakia
1129
+16
🇲🇹 Sicilians · Malta
1114
+16
🇨🇿 Britons · Czechia
1111
+16
🇨🇳 Jurchens · China
1149
-16
🇲🇽 Bulgarians · Mexico
1124
-16
🇲🇽 Goths · Mexico
1118
-16
🇹🇼 Italians · Taiwan
1094
-15
GabeUtseqs
6:00 Loom
9:39 Feudal Age
10:08 Double-Bit Axe
10:19 Horse Collar
17:05 Forging
19:11 Wheelbarrow
22:02 Castle Age
20:43 Bloodlines
21:15 Scale Barding Armor
22:53 Husbandry
23:21 Chain Barding Armor
23:29 Gold Mining
24:20 Bow Saw
26:20 Town Watch
34:41 Fishing Lines
Wandraak
10:22 Feudal Age
8:38 Loom
10:56 Horse Collar
11:04 Double-Bit Axe
14:33 Wheelbarrow
20:38 Castle Age
18:53 Gold Mining
19:14 Fletching
19:25 Padded Archer Armor
21:45 Bow Saw
21:07 Crossbowman
22:02 Bodkin Arrow
25:16 Pikeman
25:56 Squires
34:11 Imperial Age
31:57 Hand Cart
32:22 Gold Shaft Mining
31:38 Stone Mining
34:44 Arbalester
35:33 Bracer
38:09 Leather Archer Armor
40:26 Chemistry
39:47 Ballistics
45:10 Two-Man Saw
43:59 Town Watch
44:54 Ring Archer Armor
44:25 Scale Mail Armor
44:35 Forging
45:20 Yeomen
44:27 Spies/Treason
45:34 Yeomen
46:04 Town Patrol
ouujkj
11:38 Feudal Age
15:36 Castle Age
13:49 Double-Bit Axe
14:02 Horse Collar
14:24 Gold Mining
16:41 Bow Saw
18:22 Loom
21:03 Wheelbarrow
26:41 Imperial Age
24:44 Scale Mail Armor
24:55 Forging
24:48 Fletching
26:32 Chain Mail Armor
27:21 Bodkin Arrow
27:29 Pikeman
28:57 Gold Shaft Mining
28:12 Stone Mining
29:26 Two-Man Saw
29:04 Bracer
30:41 Plate Mail Armor
30:47 Iron Casting
31:14 Hand Cart
30:45 Town Watch
32:19 Chemistry
31:37 Squires
32:18 Halberdier
35:51 Stone Shaft Mining
39:03 Capped Ram
39:50 Scale Barding Armor
44:12 Arson
46:10 Spies/Treason
47:26 Ballistics
47:17 Masonry
kingouš
10:38 Feudal Age
15:26 Castle Age
13:44 Horse Collar
14:35 Double-Bit Axe
21:55 Loom
22:33 Bow Saw
24:06 Heavy Plow
25:13 Wheelbarrow
26:54 Scale Mail Armor
27:04 Forging
26:55 Gambesons
27:10 Squires
26:56 Arson
28:20 Chain Mail Armor
28:00 Gold Mining
28:00 Stone Mining
29:40 Iron Casting
30:36 Hand Cart
33:22 Imperial Age
33:23 Gothikon
34:24 Conscription
34:37 Plate Mail Armor
35:07 Blast Furnace
33:35 Elite Varangian Guard
36:10 Coinage
38:25 Banking
43:45 Stone Shaft Mining
44:11 Two-Man Saw
43:44 Crop Rotation
Richardodjr
1:35 Loom
10:56 Feudal Age
17:03 Castle Age
34:02 Man-at-Arms
34:31 Horse Collar
Oogway
10:02 Feudal Age
8:18 Loom
11:04 Double-Bit Axe
15:55 Castle Age
14:07 Horse Collar
17:21 Bow Saw
20:26 Heavy Plow
24:17 Stone Mining
25:15 Wheelbarrow
25:11 Forging
25:20 Town Watch
26:20 Scale Barding Armor
26:30 Bloodlines
26:52 Husbandry
27:23 Gold Mining
33:18 Imperial Age
31:02 Careening
32:25 Iron Casting
32:10 Chain Barding Armor
31:53 Scale Mail Armor
32:34 Hand Cart
33:08 Ballistics
34:21 Gold Shaft Mining
34:22 Stone Shaft Mining
33:55 Stirrups
35:25 Blast Furnace
35:05 Plate Barding Armor
33:54 Elite Konnik
34:55 Conscription
34:38 Light Cavalry
38:35 Chain Mail Armor
38:52 Crop Rotation
39:23 Plate Mail Armor
Scan
2:34 Loom
11:25 Feudal Age
18:10 Castle Age
18:16 Fletching
18:37 Double-Bit Axe
19:50 Horse Collar
20:36 Bow Saw
20:32 Heavy Plow
22:25 Bloodlines
23:54 Scale Barding Armor
26:00 Bloodlines
25:52 Husbandry
27:29 Gold Mining
30:33 Chain Barding Armor
37:26 Imperial Age
35:32 Wheelbarrow
35:00 Bodkin Arrow
35:18 Town Watch
37:01 Treadmill Crane
39:54 Chemistry
39:16 Ballistics
39:27 Thumb Ring
2204528
6:19 Loom
6:25 Loom
12:32 Feudal Age
13:28 Double-Bit Axe
17:29 Castle Age
15:49 Horse Collar
18:02 Scale Barding Armor
18:08 Forging
18:12 Bloodlines
18:23 Husbandry
28:36 Heavy Plow
29:48 Gold Mining
29:49 Stone Mining
Connection lost

Rejoining the realm…

Still unreachable

The connection could not be restored.

Session expired

The server has moved on; the page needs a fresh start.